 Dungeon Crawl Stone Soup version 0.26-a0-712-ga5a9c9c9d0 (webtiles) character file.

Game seed: 1290135790673593319

350 Azzok the Chopper (level 6, 0/48 HPs)
             Began as a Demonspawn Berserker on Nov 9, 2020.
             Was a Priest of Trog.
             Killed from afar by an orc wizard (8 damage)
             ... with a puff of flame
             ... on level 4 of the Dungeon.
             The game lasted 00:04:02 (2926 turns).

Azzok the Chopper (Demonspawn Berserker)            Turns: 2926, Time: 00:04:03

Health: 0/48       AC:  7    Str: 19    XL:     6   Next: 33%
Magic:  0/6        EV: 11    Int:  9    God:    Trog [***...]
Gold:   217        SH:  5    Dex: 12    Spells: 5/5 levels left

rFire    . . .     SeeInvis .   k - +0 whip (venom)
rCold    . . .     Faith    .   (no shield)
rNeg     . . .     Spirit   +   l - +0 scale mail
rPois    .         Reflect  +   (no helmet)
rElec    .         Harm     .   (no cloak)
rCorr    .         Rampage  .   p - +0 pair of gloves
MR       .....                  (no boots)
Stlth    ..........             n - amulet of reflection
HPRegen  0.16/turn              (no ring)
MPRegen  0.10/turn              (no ring)

@: no status effects
A: talons 1, magic shield
a: Berserk, Trog's Hand, Renounce Religion


You were on level 4 of the Dungeon.
You worshipped Trog.
Trog was most pleased with you.
You visited 1 branch of the dungeon, and saw 4 of its levels.

You collected 217 gold pieces.

Inventory:

Hand Weapons
 a - a +0 hand axe
 k - a +0 whip of venom (weapon)
Armour
 l - a +0 scale mail (worn)
 p - a +0 pair of gloves (worn)
Jewellery
 n - an amulet of reflection (around neck)
Scrolls
 b - a scroll of fear
 e - 2 scrolls of remove curse
 f - a scroll of enchant armour {unknown}
 j - 2 scrolls of blinking {unknown}
 m - 2 scrolls of enchant weapon {unknown}
Potions
 c - a potion of haste {unknown}
 d - a potion of might
 g - a potion of heal wounds
 h - a potion of curing {unknown}
 i - a potion of cancellation {unknown}
 o - a potion of invisibility {unknown}


   Skills:
 + Level 4.2 Fighting
 * Level 4.6 Axes
 + Level 3.1 Armour
 + Level 3.1 Dodging


You had 5 spell levels left.
You didn't know any spells.
Your spell library was empty.

Dungeon Overview and Level Annotations

Branches:
Dungeon (4/15)
 Temple: D:4-7

Altars:
Xom


Innate Abilities, Weirdness & Mutations

You have sharp toenails.
When hurt, damage is shared between your health and your magic reserves.


Message History

* * * LOW HITPOINT WARNING * * *
The orc wizard mumbles some strange words.
The orc wizard flickers and vanishes!
Deactivating autopickup; reactivate with Ctrl-A.
You hit the gnoll.
The gnoll looks as sick as possible!
You claw the gnoll.
You kill the gnoll!
Trog accepts your kill.
The quokka bites you but does no damage.
Things that are here:
a +0 flail; a hound corpse You block the quokka's attack.
You see here a worker ant corpse.
You block the quokka's attack.
The quokka bites you but does no damage.
The quokka twitches its whiskers.
The quokka closely misses you.
A puff of flame appears from out of thin air!
The puff of flame hits you!
* * * LOW MAGIC WARNING * * *
You die...

▒▒▒▒▒▒▒▒· ·▒·
▒········ ··▒▒▒▒▒
▒▒▒·▒▒▒▒▒▒▒▒▒▒·▒···▒
▒·········· ·····▒·▒
▒·▒@▒▒▒▒▒▒▒ ▒·····
▒·▒····▒ ▒···▒
▒·▒·r▒{▒▒▒▒▒▒▒▒··▒▒▒
▒·▒··········†···)†·
▒·▒····▒▒▒▒▒▒▒▒)·▒▒·
▒▒▒▒·▒▒▒▒▒▒ ▒·····
▒····▒ ····▒▒·
▒▒·▒▒▒▒╬▒▒ ▒▒▒▒▒··▒
· ▒·▒ ▒···▒▒····▒
▒··· ·


You could see a quokka.

Vanquished Creatures
  An ogre (D:4)
  A hound (D:4)
  Ijyb (D:3)
  Jessica (D:3)
  A worker ant (D:4)
  Robin (D:3)
  A gnoll (D:4)
  4 adders
  An adder skeleton (D:4)
  3 worms
  3 dart slugs (D:1)
  2 leopard geckos
  4 orcs (D:3)
  2 ball pythons (D:2)
  8 bats
  2 giant cockroaches
  14 goblins
  6 hobgoblins
  5 jackals (D:2)
  A quokka (D:4)
  14 frilled lizards
  4 kobolds
  A quokka skeleton (D:4)
  6 rats
87 creatures vanquished.

Notes
Turn   | Place    | Note
-------+----------+-------------------------------------------
     0 | D:1      | Azzok the Demonspawn Berserker began the quest for the Orb.
     0 | D:1      | Reached XP level 1. HP: 18/18 MP: 1/1
   196 | D:1      | Gained mutation: You have sharp toenails. [demonic
                  | ancestry]
   196 | D:1      | Reached XP level 2. HP: 22/24 MP: 2/2
   547 | D:1      | Reached ** piety under Trog
   711 | D:2      | Reached XP level 3. HP: 29/29 MP: 3/3
  1034 | D:2      | Found a shimmering altar of Xom.
  1816 | D:3      | Noticed Robin
  1831 | D:3      | Reached XP level 4. HP: 30/35 MP: 4/4
  1847 | D:3      | Killed Robin
  1849 | D:3      | Reached *** piety under Trog
  2040 | D:3      | Noticed Ijyb
  2060 | D:3      | Killed Ijyb
  2348 | D:3      | Noticed Jessica
  2353 | D:3      | Killed Jessica
  2353 | D:3      | Reached XP level 5. HP: 41/42 MP: 5/5
  2854 | D:4      | Noticed an ogre
  2858 | D:4      | Killed an ogre
  2858 | D:4      | Gained mutation: When hurt, damage is shared between your
                  | health and your magic reserves. [demonic ancestry]
  2858 | D:4      | Reached XP level 6. HP: 48/48 MP: 6/6
  2926 | D:4      | Killed from afar by an orc wizard

Illustrated notes

Levels and vault maps discovered:
D:1:      shiori_shiawase, layout_basic, minmay_lizard_pond
D:2:      layout_loops_ring, minivault_19, xom_teletrap_fun
D:3:      layout_loops_ring, uniq_jessica, uniq_robin, uniq_ijyb
D:4:      layout_basic, nicolae_ru_sacrificial_ziggurat, kennysheep_little_box,
          zin_purify, minmay_diced_spiral

Skill      XL: |  1  2  3  4  5 |
---------------+----------------+-----
Axes           | 3 4 |  4.6
Armour         | 2 3 |  3.1
Dodging        | 2 3 |  3.1
Fighting       | 4 |  4.2

Action                   |  1- 3 |  4- 6 || total
-------------------------+-------+-------++-------
Melee: Hand axe          |    88 |       ||    88
       Kick              |    24 |    28 ||    52
       Whip              |    43 |   105 ||   148
  Use: Scroll            |       |     4 ||     4
Armor: Leather armour    |    35 |       ||    35
       Scale mail        |    17 |    41 ||    58
Dodge: Dodged            |   121 |    52 ||   173
Block: Other             |       |    13 ||    13

Table legend: (Time is in decaauts)
 A = Elapsed time spent in this place.
 B = Non-inter-level travel time spent in this place.
 C = Inter-level travel time spent in this place.
 D = Time resting spent in this place.
 E = Time spent auto-exploring this place.
 F = Levels seen in this place.
 G = Mean time per level.
                   A        B        C        D        E       F      G
               +--------+--------+--------+--------+--------+-----+--------+
         Total |   2935 |   2829 |    106 |    232 |   1983 |   4 |  733.8 |
       Dungeon |   2935 |   2829 |    106 |    232 |   1983 |   4 |  733.8 |
               +--------+--------+--------+--------+--------+-----+--------+

Top non-repeatable levels by time:
     D:2: 1119 daAuts
     D:3: 941 daAuts
     D:1: 709 daAuts
     D:4: 165 daAuts
